[Event "FIDE Womens Grand Prix-I 2022-23"]
[Site "Nur-Sultan"]
[Date "2022.09.26"]
[Round "8.1"]
[White "Shuvalova, Polina"]
[Black "Kosteniuk, Alexandra"]
[Result "1-0"]
[ECO "D02"]
[WhiteElo "2510"]
[BlackElo "2521"]
[Annotator "TA"]
[PlyCount "117"]
[EventDate "2022.09.15"]
[EventType "tourn"]
[EventCountry "KAZ"]
[SourceTitle "playchess.com"]
[Source "ChessBase"]
[SourceQuality "1"]
[TimeControl "40/5400+30:1800+30"]

1. d4 d5 2. Nf3 Nf6 3. Bf4 c5 4. e3 Nc6 5. Nbd2 Nh5 6. dxc5 {[%emt 0:00:07] D02: 1 d4 d5 2 Nf3 sidelines, including 2...Nf6 3 g3 and 2...Nf6 3 Bf4.} Nxf4 7. exf4 e6 8. Nb3 {[%emt 0:00:10] White is slightly better.} Qf6 9. Qc1 $1 g6 10. Bb5 Bh6 11. g3 O-O 12. O-O Bd7 13. Re1 {[%emt 0:01:01] [#]} Rfc8 $146 ({Predecessor:} 13... a6 14. Bxc6 Bxc6 15. Ne5 Rfc8 16. Ng4 Qg7 17. Nxh6+ Qxh6 18. Nd4 Ba4 19. b3 Bd7 {0-1 (42) Kamsky,G (2661)-Moiseenko,A (2582) Chess.com INT 2022}) 14. c3 Nb8 15. a4 a6 16. Bf1 Be8 17. Ne5 Qd8 18. Qe3 Nd7 19. Nxd7 {[%emt 0:01:29] White is much more active.} Bxd7 20. Nd4 a5 21. Bb5 Bg7 22. b4 Qe8 23. bxa5 Rxa5 24. Nb3 Raa8 25. Nd4 Bf8 26. f5 $36 {[%emt 0:08:25][%mdl 2048] White has some pressure.} exf5 (26... gxf5 $11 {keeps the balance.} 27. Qg5+ Kh8) 27. Qxe8 $1 $16 {[%emt 0:08:47] White now steadily converts the win.} Bxe8 28. Bxe8 Rxe8 29. Rxe8 Rxe8 $11 {[%emt 0:00:01][%mdl 4096] Endgame [#] KRB-KRN} 30. c6 bxc6 {[%emt 0:00:03] [#]} 31. a5 $1 Bc5 32. Nxc6 {[%emt 0:03:12] a6 is the strong threat.} Re6 33. Nb4 Rd6 (33... Re2 $16 {was necessary.}) 34. a6 $18 {[%emt 0:01:04] Threatens to win with Ra5.} Ba7 (34... d4 $142 35. a7 Bxa7) 35. Ra5 d4 36. cxd4 {[%emt 0:00:03] Hoping for d5.} Rxd4 (36... Rb6) 37. Nc6 Rd7 38. Nxa7 Rxa7 {[%emt 0:00:01] KR-KR} 39. f4 Kf8 40. Kf2 Ke7 41. Ke3 Kd6 42. Kd4 f6 (42... Kc6 $142 43. Ke5 Kb6) 43. Ra1 Kc6 44. Kc4 Rc7 $2 (44... Kc7 45. Kb5 Kb8) 45. Kb4 {[%emt 0:00:00] Intending a7 and mate.} Ra7 46. Ka5 Ra8 47. Rc1+ Kd6 48. Rb1 Kd5 49. Rb7 {[%emt 0:00:00] White threatens a7 and mate.} g5 50. a7 {[%emt 0:00:00] White wants to mate with Ka6.} gxf4 51. gxf4 {[%emt 0:00:00] White mates.} Ke4 52. Rxh7 Kxf4 53. Ka6 Kg4 54. Rf7 f4 55. Rxf6 Rh8 56. Kb7 Rh7+ 57. Kb6 Rh8 58. Rf7 f3 59. Kb7 {[%emt 0:00:00] Weighted Error Value: White=0.03 (flawless) /Black=0.34} 1-0

[Event "FIDE Womens Grand Prix-I 2022-23"]
[Site "Nur-Sultan"]
[Date "2022.09.26"]
[Round "8.2"]
[White "Vaishali, Rameshbabu"]
[Black "Abdumalik, Zhansaya"]
[Result "1/2-1/2"]
[ECO "C90"]
[WhiteElo "2449"]
[BlackElo "2503"]
[Annotator "TA"]
[PlyCount "89"]
[EventDate "2022.09.15"]
[EventType "tourn"]
[EventCountry "KAZ"]
[SourceTitle "playchess.com"]
[Source "ChessBase"]
[SourceQuality "1"]
[TimeControl "40/5400+30:1800+30"]

1. e4 e5 2. Nf3 Nc6 3. Bb5 a6 4. Ba4 Nf6 5. O-O Be7 6. d3 b5 7. Bb3 d6 8. c3 O-O 9. Re1 Na5 10. Bc2 c5 11. Nbd2 Re8 12. Nf1 Bf8 13. Bg5 h6 14. Bh4 g6 15. Ne3 {[%emt 0:18:45] C90: Closed Ruy Lopez with 7...d6: Early deviations.} Bg7 16. a4 {[%emt 0:01:22] Threatens to win with axb5.} b4 {[%emt 0:06:14] [#]} 17. cxb4 $146 {[%emt 0:16:49] The position is equal.} ({Predecessor:} 17. Nd5 g5 18. Nxf6+ Qxf6 19. Bg3 Bg4 20. Re3 bxc3 21. bxc3 Rab8 22. Rb1 Qe6 23. Qc1 {1-0 (44) Geher,L (1850)-Deli,K (1793) Budapest 2017}) 17... cxb4 18. Bxf6 Bxf6 19. Bb3 Nxb3 20. Qxb3 a5 21. Rac1 Bg5 22. Nxg5 hxg5 23. Nd5 {[%emt 0:07:00] Black must now prevent Nc7.} Be6 24. h3 Kg7 25. d4 exd4 26. Rcd1 Rc8 27. Rxd4 g4 28. hxg4 Qh4 29. Qh3 Qxh3 30. gxh3 Rc2 31. b3 Rec8 32. Re3 Rb2 33. Kg2 Rcc2 34. Rf3 Rb1 35. g5 Rcc1 {[%emt 0:00:55] Strongly threatening ...Rg1+.} 36. Kg3 Rh1 37. Kh4 Rh2 38. Nf6 Rxb3 $2 (38... Rc1 $11) 39. Rxb3 $18 {[%emt 0:00:21] White is clearly better.} Bxb3 $11 {[%emt 0:00:04][%mdl 4096] Endgame KRB-KRN} 40. Kg3 Rh1 {[%emt 0:00:08] Hoping for ...Rd1.} 41. Rxd6 {[%emt 0:06:26] Intending Rd8 and mate.} Be6 {[%emt 0:05:57] [#]} (41... Bxa4 {leads to mate.} 42. Rd8) 42. Rd8 $1 Rxh3+ 43. Kf4 Rh8 {[%emt 0:00:12] Against Rg8+} 44. Ne8+ Kh7 {[%emt 0:00:11] [#]} 45. Nf6+ $2 {[%emt 0:00:05] Weighted Error Value: White=0.02 (flawless) /Black=0.13 (very precise)} (45. Ra8 $1 $16) 1/2-1/2

[Event "FIDE Womens Grand Prix-I 2022-23"]
[Site "Nur-Sultan"]
[Date "2022.09.26"]
[Round "8.3"]
[White "Goryachkina, Aleksandra"]
[Black "Zhu, Jiner"]
[Result "1-0"]
[ECO "A28"]
[WhiteElo "2579"]
[BlackElo "2464"]
[Annotator "TA"]
[PlyCount "85"]
[EventDate "2022.09.15"]
[EventType "tourn"]
[EventCountry "KAZ"]
[SourceTitle "playchess.com"]
[Source "ChessBase"]
[SourceQuality "1"]
[TimeControl "40/5400+30:1800+30"]

1. c4 e5 2. Nc3 Nf6 3. Nf3 Nc6 4. e4 Bc5 5. Nxe5 Nxe5 6. d4 Bb4 7. dxe5 Nxe4 $1 8. Qf3 $1 {[%emt 0:01:01][%mdl 4] is recently more successful than 8.Qd4. A28: English Opening: Four Knights Variation.} Nxc3 9. bxc3 Ba5 10. Bf4 {[%emt 0:03:12] The position is equal.} O-O 11. Be2 d6 12. Rd1 Re8 {[%emt 0:06:17] [#]} 13. c5 $146 ({Predecessor:} 13. exd6 Bd7 14. O-O Bc6 15. Qg4 cxd6 16. Rxd6 Qe7 17. Bd3 Bxc3 18. c5 Be5 19. Re1 Bxd6 20. Rxe7 Bxe7 {0-1 (42) Cofre Archibold,N (2279)-Perez Rodriguez,L (2324) Tornelo INT 2021}) 13... Qh4 14. Bg3 ({Much weaker is} 14. g3 Qh3 15. cxd6 Bd7 $17) 14... Qg5 15. cxd6 cxd6 16. h4 ({But not} 16. Bc4 Qf5 17. Qe3 Bb6 $17) 16... Qf5 17. exd6 Qxf3 18. gxf3 Bxc3+ 19. Kf1 {[%emt 0:00:05] [#] aiming for d7.} Bd7 {[%emt 0:00:50][%cal Oe8e2] And now ...Rxe2! would win.} 20. Bc4 h5 21. Rc1 Be5 22. Kg2 Bxg3 23. Kxg3 Rad8 24. Rhd1 Be6 (24... Kf8 $11) 25. Bb5 $14 Bd7 {[%emt 0:00:12][%mdl 8192] Loses the game.} (25... Rf8 $1 $14) 26. Bxd7 $18 Rxd7 {[%emt 0:00:06][%mdl 4096] Endgame KRR-KRR} 27. Rc7 Red8 (27... Rdd8 $142 28. d7 (28. Rxb7 Re6 $16) 28... Rf8 29. Rxb7 a6) 28. Rxd7 Rxd7 {[%emt 0:00:03] KR-KR} 29. Kf4 Kf8 30. Ke5 Rd8 (30... Ke8 $142 31. Rg1 Kf8) 31. Kd5 g6 32. Rc1 Ke8 33. Re1+ Kf8 34. Re7 Rb8 35. Rc7 {[%emt 0:01:58] [#] Hoping for d7.} Ke8 36. Ke5 a5 37. Re7+ Kf8 38. Kf6 b5 39. Rxf7+ Kg8 40. Rg7+ Kf8 41. Rh7 Kg8 42. Ra7 (42. Re7 $142 a4 43. d7 Kf8 44. Rf7+ Kg8 45. Rg7+ Kf8 46. Rxg6 Rb6+ 47. Ke5) 42... Rf8+ 43. Kxg6 {[%emt 0:02:31] Weighted Error Value: White=0.04 (flawless) /Black=0.52} 1-0

[Event "FIDE Womens Grand Prix-I 2022-23"]
[Site "Nur-Sultan"]
[Date "2022.09.26"]
[Round "8.4"]
[White "Lagno, Kateryna"]
[Black "Paehtz, Elisabeth"]
[Result "1-0"]
[ECO "B30"]
[WhiteElo "2547"]
[BlackElo "2477"]
[Annotator "TA"]
[PlyCount "117"]
[EventDate "2022.09.15"]
[EventType "tourn"]
[EventCountry "KAZ"]
[SourceTitle "playchess.com"]
[Source "ChessBase"]
[SourceQuality "1"]
[TimeControl "40/5400+30:1800+30"]

1. e4 c5 2. Nf3 Nc6 3. Bb5 e6 4. O-O Nge7 5. Re1 Nd4 6. Nxd4 cxd4 7. c3 $1 {[%emt 0:01:00] 7.c3 scores better than 7.d3.} Qb6 {[%emt 0:00:39] B30: Sicilian: 2...Nc6 3 Bb5, lines without ...g6.} 8. Qb3 (8. Ba4 $14) 8... g6 9. Na3 Bg7 {[%emt 0:02:56] White is slightly better.} 10. Nc2 {[%emt 0:05:04] [#]} e5 $146 ({Predecessor:} 10... O-O 11. Nxd4 a6 12. Ba4 Bxd4 13. cxd4 Qxd4 14. Qa3 Re8 15. d3 f5 16. Be3 Qe5 {½-½ (39) Tumanov,D (2157)-Lindholm,J (2093) Helsinki 2017}) 11. cxd4 exd4 12. a4 O-O 13. a5 Qc7 14. d3 a6 15. Bc4 Nc6 16. Bd2 d6 17. Bd5 Qe7 18. f4 Nd8 ({Better is} 18... Be6) 19. e5 ({White should play} 19. Na3) 19... Nc6 20. Qc4 {[%emt 0:07:01] White is much more active. The black rooks are badly placed.} Bd7 21. Nxd4 Nxd4 22. Qxd4 dxe5 23. fxe5 {[%emt 0:00:18] [#] Bb4 is the strong threat.} Be6 {[%emt 0:00:03] Strongly threatening ...Rfd8.} 24. Bxe6 ({Wrong is} 24. Bb4 $2 Qd7 25. Bxf8 Bxf8 $19) 24... Qxe6 25. Qe4 Rfd8 26. Bc3 Rd5 27. Re3 Rad8 28. Rf1 R8d7 29. h3 Re7 30. d4 Re8 31. Ref3 Re7 32. Qc2 Red7 33. Qf2 Qe8 34. Rf4 Qe6 35. Qf3 Qe8 36. h4 Qe6 37. h5 Rb5 (37... g5 $16 38. Rf5 h6) 38. Qe4 Rbd5 39. Rh4 Qe8 (39... g5 $16) 40. Rf3 (40. hxg6 $18 hxg6 41. Rh1) 40... Qe6 (40... g5 $16) 41. h6 $18 Bf8 (41... f5 {might work better.} 42. exf6 Qxe4 43. Rxe4 Bf8) 42. Rf6 Qe8 (42... Qe7 $142 43. Rhf4 Bxh6 44. Rxf7 Qe8) 43. Rhf4 {[%emt 0:00:00] Black must now prevent e6.} Bxh6 44. e6 {[%emt 0:00:00] White threatens exf7+ and mate.} Bxf4 45. exf7+ {[%emt 0:00:00][%mdl 64] [#] Discovered Attack} Qxf7 46. Rxf7 Kxf7 47. Qxf4+ Rf5 48. Qb8 Rfd5 49. Qh8 Ke6 50. Qe8+ Kf6 51. Bb4 h5 52. Qe4 Kf7 53. Bc5 Rf5 54. Qe3 Kg7 55. Qe8 Rfd5 56. Qf8+ Kh7 57. Be7 {[%emt 0:00:00] White wants to mate with Bf6.} Rf5 58. Bf6 g5 59. Qe8 {[%emt 0:00:00][%csl LRd7,LRh5] Weighted Error Value: White=0.18 (very precise) /Black=0.37} 1-0

[Event "FIDE Womens Grand Prix-I 2022-23"]
[Site "Nur-Sultan"]
[Date "2022.09.26"]
[Round "8.5"]
[White "Kashlinskaya, Alina"]
[Black "Wagner, Dinara"]
[Result "0-1"]
[ECO "E48"]
[WhiteElo "2491"]
[BlackElo "2358"]
[Annotator "TA"]
[PlyCount "104"]
[EventDate "2022.09.15"]
[EventType "tourn"]
[EventCountry "KAZ"]
[SourceTitle "playchess.com"]
[Source "ChessBase"]
[SourceQuality "1"]
[TimeControl "40/5400+30:1800+30"]

1. d4 Nf6 2. c4 e6 3. Nc3 Bb4 4. e3 O-O 5. Bd3 c5 6. Nge2 cxd4 7. exd4 d5 8. cxd5 Nxd5 9. a3 {[%emt 0:00:13] E48: Nimzo-Indian: Rubinstein: 5 Bd3 d5 including 6 Ne2, but excluding 6 a3.} Bd6 10. Bc2 Nc6 11. Qd3 {[%emt 0:00:37][%csl Gc2][%cal Rd3h7] The position is equal.} g6 {[%emt 0:00:06] Active counter play!} 12. Ne4 e5 {[%emt 0:00:39] [#]} 13. Nxd6 $146 ({Predecessor:} 13. Bb3 Nf4 14. Bxf4 exf4 15. O-O Bf5 16. Qf3 Bxe4 17. Qxe4 Qf6 18. Rad1 Rad8 19. Ba4 {1-0 (51) Vaisser,A (2540)-Gola,M (2320) Nimes 1991}) 13... Qxd6 14. Qg3 Qc7 15. dxe5 Re8 16. O-O Qxe5 (16... Rxe5 {is more complex.} 17. Nf4 Nd4 18. Bd3 Qb6) 17. Qxe5 Rxe5 18. Ng3 Nd4 19. Ba4 b5 20. Bd1 Bb7 21. b4 {[%emt 0:07:03] Black must now prevent Bb2.} (21. f3 {seems wilder.} f5 22. Kf2 Rc8 23. Bd2) 21... Rd8 22. Bd2 ({Don't play} 22. Bb2 Nf4 23. f3 Re6 $15) 22... f5 23. Re1 Rxe1+ 24. Bxe1 Re8 25. Kf1 f4 (25... Nf4 $5 26. f3 Bd5 $15) 26. Ne2 f3 $40 {[%emt 0:01:12][%mdl 128] Black mounts an attack.} 27. gxf3 (27. Nxd4 $11 fxg2+ 28. Kxg2 Rxe1 29. Nf3) 27... Nxf3 $17 {[%emt 0:01:44] aiming for ...Bc8. Pair of Knights!} 28. Bb3 Kf8 29. h3 {[%emt 0:11:14] [#]} Bc8 $1 30. Ng1 Rxe1+ 31. Rxe1 Nd2+ 32. Kg2 Nxb3 33. Nf3 {[%emt 0:00:17] Against Nd4} Bb7 34. Kg3 Nf6 35. Re3 Bd5 36. Kf4 Bc4 {[%emt 0:01:00] ...Nd5+ is the strong threat.} 37. Kg5 Nd5 38. Re6 {[%emt 0:05:23] [#] Loses the game.} (38. Re1 $17 {keeps fighting.}) 38... Nxb4 $1 $19 39. Rd6 (39. Re4 {might work better.} Nd5 40. Re6) 39... Ke7 40. Rd1 Nc2 41. Kh6 Nxa3 42. Kxh7 Nc5 {[%emt 0:13:52] Hoping for ...b4.} 43. Kxg6 Bf7+ 44. Kg7 (44. Kf5 $142 b4 45. Rc1) 44... Ne6+ 45. Kh6 b4 46. Nd2 a5 {[%emt 0:00:38][%cal Ba7a5,Ba5a4,Ba4a3][%mdl 32] Threatens to win with ...Nc2.} 47. Re1 (47. Rc1 $142) 47... Nc2 48. Re5 a4 49. Ra5 a3 50. Ra7+ Kf6 {[%emt 0:00:15] And now ...Nc5 would win.} 51. Ra5 Bg6 {[%emt 0:03:41] ( -> ...Ncd4)} 52. h4 Ncd4 {[%emt 0:00:08] Weighted Error Value: White=0.63/Black=0.07 (flawless)} 0-1

[Event "FIDE Womens Grand Prix-I 2022-23"]
[Site "Nur-Sultan"]
[Date "2022.09.26"]
[Round "8.6"]
[White "Assaubayeva, Bibisara"]
[Black "Tan, Zhongyi"]
[Result "0-1"]
[ECO "D35"]
[WhiteElo "2443"]
[BlackElo "2525"]
[Annotator "TA"]
[PlyCount "78"]
[EventDate "2022.09.15"]
[EventType "tourn"]
[EventCountry "KAZ"]
[SourceTitle "playchess.com"]
[Source "ChessBase"]
[SourceQuality "1"]
[TimeControl "40/5400+30:1800+30"]

1. d4 Nf6 2. c4 e6 3. Nc3 d5 4. cxd5 exd5 5. Bg5 c6 6. e3 Bf5 7. Qf3 Bg6 8. Bxf6 Qxf6 9. Qxf6 gxf6 10. Nf3 Nd7 {[%emt 0:00:10] D35: Queen's Gambit Declined: Exchange Variation.} 11. Nh4 Be7 12. Ne2 {[%emt 0:00:16] now scores much better than the old 12.g3.} f5 {[%emt 0:00:27] White is slightly better.} 13. g3 Bxh4 14. gxh4 Nf6 15. Rg1 Ke7 16. Bh3 Rhg8 17. Nf4 (17. Rg3 $14) 17... Nh5 $11 18. Nxh5 Bxh5 {[%emt 0:00:07] [#]} 19. Rg3 $146 ({Predecessor:} 19. Kd2 Bg4 20. Bf1 Ke6 21. Bd3 Rg6 22. Rg3 Rag8 23. b4 f4 24. exf4 Bf5 25. Re1+ {1-0 (66) Wagner,D (2581)-Nilsen,T (2146) Chess.com INT 2020}) 19... Kf6 20. Kd2 Rg6 21. Rag1 Rh6 22. Rg8 Rxg8 23. Rxg8 {[%emt 0:00:05][%mdl 4096] Endgame KRB-KRB} Bf3 24. Bf1 $1 Rxh4 25. h3 Re4 26. Ra8 a6 27. Ra7 Re7 28. Kc3 (28. a4 $11 {is more appropriate.}) 28... h5 (28... f4 $5 29. exf4 h5 $15) 29. Kb4 (29. a4 $15) 29... h4 (29... f4 $17 30. Ka5 h4) 30. a4 (30. Kc3 $15) 30... f4 $1 $19 31. a5 Bh1 $2 ({Inferior is} 31... fxe3 32. fxe3 Be4 33. Kc5 $17) (31... c5+ $1 $19 32. Kxc5 Rc7+ 33. Kd6 Rc6+ 34. Kd7 Rc1 35. Bxa6 bxa6 36. Rxa6+ Kg7) 32. Kc5 $1 $11 f3 {[%emt 0:02:31] Strongly threatening ...Bg2.} (32... fxe3 33. fxe3 Be4 34. Kb6) 33. Ra8 {[%emt 0:00:11] aiming for Rg8.} Kg7 {[%emt 0:07:16] Against Rg8+} 34. Bd3 $2 {[%emt 0:03:22][%mdl 8192] This costs White the game.} (34. Ra7 $1 $11 {and White stays safe.}) 34... Bg2 $19 {[%emt 0:07:11] Black is clearly winning.} 35. Bf5 {[%emt 0:00:37] [#]} Rxe3 $3 36. fxe3 f2 37. Bd3 Bxh3 38. Re8 {[%emt 0:02:28] [#]} Bf5 $1 39. e4 (39. Bf1 $142 h3 40. Re5) 39... dxe4 {[%emt 0:01:06] Weighted Error Value: White=0.44/Black=0.09 (flawless)} 0-1